 Dungeon Crawl Stone Soup version 0.23.2-30-g0e89c35649 (webtiles) character file.

Game seed: 16402613482876541438

20 DildoBatman the Magician (level 3, 0/24 HPs)
             Began as a Formicid Wizard on June 18, 2019.
             Succumbed to an adder's poison
             ... on level 1 of the Dungeon.
             The game lasted 00:02:42 (1062 turns).

DildoBatman the Magician (Formicid Wizard)          Turns: 1062, Time: 00:02:42

Health: 0/24       AC:  2    Str: 11    XL:     3   Next: 0%
Magic:  2/7        EV: 11    Int: 18    God:
Gold:   33         SH:  0    Dex:  3    Spells: 1/8 levels left

rFire    . . .     SeeInvis +   e - +0 club
rCold    . . .     Gourm    .   (no shield)
rNeg     . . .     Faith    .   a - +0 robe
rPois    .         Spirit   .   (helmet unavailable)
rElec    .         Reflect  .   (no cloak)
rCorr    .         Harm     .   (no gloves)
MR       .....                  (no boots)
Stlth    +.........             (no amulet)
HPRegen  0.08/turn              d - -6 ring of dexterity (curse)
MPRegen  0.10/turn              (no ring)

@: lethally poisoned (0 -> -5)
A: permanent stasis, dig shafts and tunnels, four strong arms, antennae 3
a: Dig, Shaft Self


You were on level 1 of the Dungeon.
You were not hungry.

You visited 1 branch of the dungeon, and saw 2 of its levels.

You collected 33 gold pieces.

Inventory:

Hand Weapons
 e - a +0 club (weapon)
Missiles
 c - 34 arrows
 f - 4 stones (quivered)
Armour
 a - a +0 robe (worn)
Jewellery
 d - a cursed -6 ring of dexterity (left hand)
Comestibles
 b - a chunk of flesh
 v - 2 rations


   Skills:
 - Level 1.7 Dodging
 - Level 2.4 Stealth
 - Level 3.2 Spellcasting
 * Level 2.4 Conjurations
   Level 1.0 Summonings
   Level 0.8 Translocations


You had one spell level left.
You knew the following spells:

 Your Spells              Type           Power        Failure   Level  Hunger
a - Conjure Flame         Conj/Fire      #.......     28%         3    ###....
c - Magic Dart            Conj           ##..         6%          1    None
e - Mephitic Cloud        Conj/Pois/Air  #.......     34%         3    ###....

Your spell library contained the following spells:

 Spells                   Type           Power        Failure   Level  Hunger
 Call Imp                 Summ           #.......     16%         2    ##.....
 Slow                     Hex            #.......     24%         2    ##.....
 Blink                    Tloc           Unusable     N/A         2    N/A

Dungeon Overview and Level Annotations

Branches:
Dungeon (2/15)

Altars:


Innate Abilities, Weirdness & Mutations

You cannot be hasted, slowed, berserked, paralysed or teleported.
You can dig through walls and to a lower floor.
Your four strong arms can wield two-handed weapons with a shield.
You have a pair of large antennae on your head. (SInv)


Message History

Press: ? - help, Shift-Dir - straight line, f/p - quokka
Aim: a quokka (moderately wounded)
The magic dart hits the quokka.
The quokka is heavily wounded.
The quokka bites you. The quokka barely misses you.
Casting: Magic Dart (safe; 6% risk of failure)
Confirm with . or Enter, or press ? or * to list all spells.
Aiming: Magic Dart (safe; 6% risk of failure)
Press: ? - help, Shift-Dir - straight line, f/p - quokka
Aim: a quokka (heavily wounded)
The magic dart hits the quokka but does no damage.
The quokka is heavily wounded.
The quokka bites you. The quokka bites you. The adder bites you.
You are lethally poisoned!
The adder poisons you!
You climb upwards.
You die...

≈≈PPP≈P....##.######..#####.#
≈.≈.....#####.# #.## #.#
P....##.# #.# #.# ##.#
..#####.#####.######.#####..#
..# #..).................##
#.# ######.###.###########
..# #.# #.###
.###########.###r÷.#
................@#.#######
.#######.....####........# .#
#....##.............# .#
#.#..##..###.###.#..# .#
#..........###...#..# .#
###.###..#.#.#.###.## .# #.#
#..#......#..# .# #.#
##.###.#.###.# .# #)#
#..#......#.#


You could see a quokka.

Vanquished Creatures
  A ball python (D:1)
  2 bats
  A giant cockroach (D:1)
  3 hobgoblins (D:1)
  A jackal (D:1)
  5 kobolds (D:1)
  A quokka (D:1)
  A frilled lizard (D:2)
  3 rats (D:1)
18 creatures vanquished.

Notes
Turn   | Place    | Note
-------+----------+-------------------------------------------
     0 | D:1      | DildoBatman the Formicid Wizard began the quest for the
                  | Orb.
     0 | D:1      | Reached XP level 1. HP: 13/13 MP: 4/4
    29 | D:1      | Reached skill level 1 in Conjurations
   144 | D:1      | Reached XP level 2. HP: 17/19 MP: 0/6
   993 | D:1      | Reached XP level 3. HP: 15/24 MP: 0/7
  1002 | D:1      | Learned a level 3 spell: Conjure Flame
  1006 | D:1      | Learned a level 3 spell: Mephitic Cloud
  1061 | D:2      | HP: 1/24 [adder (3)]
  1062 | D:1      | Succumbed to an adder's poison

Skill      XL: |  1  2 |
---------------+-------+-----
Conjurations   | 1 2 |  2.4
Dodging        | |  1.7
Stealth        | |  2.4
Spellcasting   | |  3.2
Summonings     | |  1.0
Translocations | |  0.8

Action                   || total
-------------------------++-------
Melee: Unarmed           ||    23
       Club              ||    10
 Cast: Magic Dart        ||    49
 Abil: Dig               ||     2
  Eat: Chunk             ||     1
Armor: Robe              ||     7
Dodge: Dodged            ||    32
